 Dungeon Crawl Stone Soup version 0.30-a0-136-gea98e250e0 (webtiles) character file.

Game seed: 16681808238740776020

1308 Kinoniko the Cleaver (level 8, -9/68 HPs)
             Began as a Minotaur Berserker on Sept 21, 2022.
             Was a Priest of Trog.
             Mangled by a gnoll sergeant
             ... wielding a +0 trident of venom
              (12 damage)
             ... on level 5 of the Dungeon.
             The game lasted 00:04:41 (5394 turns).

Kinoniko the Cleaver (Minotaur Berserker)           Turns: 5394, Time: 00:04:43

Health: -9/68      AC:  9    Str: 23    XL:     8   Next: 32%
Magic:  7/7        EV: 10    Int:  4    God:    Trog [***...]
Gold:   126        SH:  0    Dex: 17    Spells: 7/7 levels left

rFire   + . .      SeeInvis .    a - +0 hand axe
rCold   . . .      Faith    .    (no shield)
rNeg    . . .      Spirit   .    k - +0 chain mail {rF+}
rPois   .          Reflect  .    (helmet restricted)
rElec   .          Harm     .    (no cloak)
rCorr   .          Rampage  .    (no gloves)
Will    .....                    (no boots)
Stlth   ..........               (no amulet)
HPRegen 0.21/turn                g - +6 ring of dexterity
MPRegen 0.10/turn                (no ring)

@: on berserk cooldown, slowed, invisible, very slow
A: horns 2, retaliatory headbutt
a: Renounce Religion, Berserk, Trog's Hand


You were on level 5 of the Dungeon.
You worshipped Trog.
Trog was most pleased with you.
You visited 1 branch of the dungeon, and saw 7 of its levels.

You collected 280 gold pieces.
You spent 154 gold pieces at shops.

Inventory:

Hand Weapons
 a - a +0 hand axe (weapon)
Missiles
 p - 2 throwing nets (quivered)
Armour
 b - a +0 animal skin
 e - a +0 ring mail
 k - a +0 chain mail of fire resistance (worn)
 q - a +0 chain mail
Jewellery
 g - a +6 ring of dexterity (left hand)
Scrolls
 f - 2 scrolls of immolation
 m - a scroll of enchant weapon {unknown}
 n - a scroll of teleportation
 r - a scroll of fear
 s - a scroll of butterflies {unknown}
Potions
 c - 2 potions of curing
 d - 2 potions of brilliance {unknown}
 h - a potion of might {unknown}
 i - a potion of mutation {unknown}
 j - 3 potions of invisibility
 l - a potion of degeneration {unknown}
 o - a potion of resistance {unknown}


   Skills:
 + Level 5.1 Fighting
 * Level 10.9 Axes
 + Level 4.3 Armour
 + Level 3.9 Dodging


You had 7 spell levels left.
You didn't know any spells.
Your spell library contained the following spells:

 Spells                   Type           Power      Damage    Failure   Level
 Poisonous Vapours        Pois/Air       0%         N/A       100%        2
 Gell's Gravitas          Tloc           0%         N/A       100%        3
 Ignite Poison            Fire/Tmut/Pois 0%         N/A       100%        3
 Lesser Beckoning         Tloc           0%         N/A       100%        3
 Spider Form              Tmut/Pois      0%         N/A       100%        3
 Summon Ice Beast         Ice/Summ       0%         N/A       100%        4
 Summon Mana Viper        Hex/Summ       0%         N/A       100%        5
 Monstrous Menagerie      Summ           0%         N/A       100%        7


Dungeon Overview and Level Annotations

Branches:
Dungeon (7/15)
 Temple: D:4-7

Altars:
Kikubaaqudgha
Okawaru
Vehumet

Shops:
D:5 !

Annotations:
D:5 1 transporter, fly's ghost, weakling DgDe


Innate Abilities, Weirdness & Mutations

You have a pair of horns on your head.
You reflexively headbutt those who attack you in melee.


Message History

Trog accepts your kill.
You feel sick. The gnoll hits you but does no damage.
The gnoll sergeant misses you. The gnoll sergeant barely misses you.
You hit the gnoll sergeant.
The gnoll sergeant is severely wounded.
You feel sick.
You hit the gnoll sergeant.
The gnoll sergeant is severely wounded.
You feel sick. The gnoll barely misses you.
The gnoll sergeant hits you but does no damage.
The gnoll sergeant hits you from afar with a +0 trident of venom!
* * * LOW HITPOINT WARNING * * *
You are lethally poisoned!
You hit the gnoll sergeant.
The gnoll sergeant is almost dead.
* * * LOW HITPOINT WARNING * * *
You feel sick.
Unknown command.
Unknown command.
You slash the gnoll sergeant!
You kill the gnoll sergeant!
Trog accepts your kill.
You are no longer berserk.
You are exhausted.
You feel yourself slow down.
* * * LOW HITPOINT WARNING * * *
You feel very sick. The gnoll misses you.
The gnoll sergeant hits you from afar with a +0 trident of venom.
* * * LOW HITPOINT WARNING * * *
You are more poisoned.
Unknown command.
You feel better. The gnoll closely misses you. The gnoll sergeant misses you.
It was a potion of invisibility.
You fade into invisibility!
The gnoll barely misses you. The gnoll sergeant closely misses you.
The gnoll hits you from afar with a +0 spear.
* * * LOW HITPOINT WARNING * * *
The gnoll sergeant hits you from afar with a +0 trident of venom!
You die...

#.≈≈≈≈≈≈≈≈≈≈≈...≈≈≈≈≈≈≈≈≈≈≈.#
#.≈≈≈≈≈≈≈≈≈≈≈...≈≈≈≈≈≈≈≈≈≈≈.#
#.≈≈#####...........#####≈≈..
#.≈≈#...#.###.©.###.#g..#≈≈..
#.≈≈#...###.#####.###...#≈≈..
#.≈≈###.......Wg......###≈≈..
#.≈≈.8#.######g######.#8.≈≈..
#.≈≈.##.#.⌠.#))8#g..#g##.≈≈..
#.~~.#..'..)@.©⌠#:..'..#.~~..
#.≈≈.##.#.⌠)#..8#...#.##.≈≈..
#.≈≈.8#.######g######.#8.≈≈..
#.≈≈###...............###≈≈..
#.≈≈#...###.#####©###gWW#≈≈..
#.≈≈#...#.###.©.###.#ggg#≈≈..
#.≈≈#####...........#####≈≈..
#.≈≈≈≈≈≈≈≈≈≈≈≈~≈≈≈≈≈≈≈≈≈≈≈≈..
#.≈≈≈≈≈≈≈≈≈≈≈≈~≈≈≈≈≈≈≈≈≈≈≈≈..


You could see a gnoll sergeant (unable to see you), fly's ghost (unable to see
you) and 2 gnolls.

Vanquished Creatures
  Grinder (D:4)
  An ice beast (D:5)
  A black bear (D:5)
  An ogre (D:5)
  2 gnoll sergeants (D:5)
  2 scorpions
  2 jellies
  A howler monkey (D:3)
  2 orc priests (D:5)
  A gnoll bouda (D:5)
  A hound (D:5)
  Natasha (thrice) (D:4)
  An orc wizard (D:5)
  17 gnolls
  4 adders
  A white imp (D:7)
  2 worms
  A dart slug (D:5)
  16 orcs
  3 ball pythons
  4 endoplasms
  2 giant cockroaches
  5 goblins
  3 hobgoblins
  2 jackals (D:4)
  4 quokkas
  3 bats
  3 frilled lizards
  4 kobolds
  2 rats
95 creatures vanquished.

Vanquished Creatures (others)
  A human (D:3)
  6 plants (D:5)
7 creatures vanquished.

Grand Total: 102 creatures vanquished

Notes
Turn   | Place    | Note
-------+----------+-------------------------------------------
     0 | D:1      | Kinoniko the Minotaur Berserker began the quest for the
                  | Orb.
     0 | D:1      | Reached XP level 1. HP: 19/19 MP: 0/0
   164 | D:1      | Reached skill level 4 in Axes
   689 | D:1      | Reached XP level 2. HP: 14/26 MP: 1/1
  1676 | D:2      | Reached skill level 5 in Axes
  1676 | D:2      | Reached XP level 3. HP: 20/31 MP: 2/2
  2013 | D:2      | Reached ** piety under Trog
  2090 | D:2      | Found a faded altar of an unknown god.
  2487 | D:3      | Reached skill level 6 in Axes
  2487 | D:3      | Reached XP level 4. HP: 34/39 MP: 3/3
  2636 | D:3      | Found an ancient bone altar of Kikubaaqudgha.
  2637 | D:3      | Noticed a human
  2641 | D:3      | Killed a human
  2950 | D:3      | Found a radiant altar of Vehumet.
  3211 | D:4      | Found an iron altar of Okawaru.
  3374 | D:4      | Noticed Natasha
  3383 | D:4      | Reached skill level 7 in Axes
  3383 | D:4      | Reached XP level 5. HP: 45/45 MP: 4/4
  3388 | D:4      | Killed Natasha
  3407 | D:4      | Noticed Natasha
  3413 | D:4      | Killed Natasha
  3551 | D:4      | Noticed Natasha
  3571 | D:4      | Killed Natasha
  3572 | D:4      | Reached skill level 8 in Axes
  4072 | D:4      | Noticed Grinder
  4079 | D:4      | Killed Grinder
  4080 | D:4      | Reached skill level 9 in Axes
  4080 | D:4      | Reached XP level 6. HP: 51/51 MP: 5/5
  4314 | D:4      | Reached XP level 7. HP: 57/57 MP: 6/6
  4624 | D:5      | Entered Level 5 of the Dungeon
  4624 | D:5      | Found Jixt's Distillery.
  4629 | D:5      | Bought a potion of curing for 42 gold pieces
  4629 | D:5      | Bought a potion of heal wounds for 70 gold pieces
  4629 | D:5      | Bought a potion of curing for 42 gold pieces
  4651 | D:5      | Reached skill level 10 in Axes
  4712 | D:5      | Got the Octavo of the Hidden Prophets
  4713 | D:5      | You fall into a shaft and drop 2 floors!
  4823 | D:5      | Reached XP level 8. HP: 67/67 MP: 7/7
  4889 | D:5      | Found a transporter.
  4926 | D:5      | Reached *** piety under Trog
  5156 | D:5      | Identified the +3 spear "Ifollerch" {vamp, rF+ Str+6}
  5156 | D:5      | Identified the +2 ring mail "Zoaf" {rPois}
  5161 | D:5      | Noticed fly's ghost (weakling DgDe)
  5167 | D:5      | Found a transporter.
  5388 | D:5      | Reached skill level 5 in Fighting
  5392 | D:5      | HP: 1/68 [gnoll sergeant/+0 trident of venom (4)]
  5394 | D:5      | Mangled by a gnoll sergeant

Illustrated notes

Levels and vault maps discovered:
D:1:      kennysheep_arrival_seaside, layout_basic
D:2:      layout_basic, ebering_ecumenical_altar_webs
D:3:      layout_basic, tgw_kikubaaqudgha, nicolae_vehumet_radiance,
          chequers_serial_rivers_small_b, serial_park_tiny_pond, st_stairs_6
D:4:      layout_basic, kennysheep_okawaru_gauntlet, roderic_roman_lattice,
          uniq_natasha, uniq_grinder
D:5:      layout_rooms, gammafunk_ghost_gnarly_gnolls, serial_shops, shop,
          minivault_23
D:6:      layout_rooms
D:7:      layout_cave_pods, grunt_dithmenos_shadows,
          minmay_temple_entry_overgrown, sigmund_army

Skill      XL: |  1  2  3  4  5  6  7  8 |
---------------+-------------------------+-----
Axes           | 4 5 6 7 9 10 | 10.9
Fighting       | 4 5 |  5.1
Armour         | 3 4 |  4.3
Dodging        | 3 |  3.9

Action                   |  1- 3 |  4- 6 |  7- 9 || total
-------------------------+-------+-------+-------++-------
Melee: Hand axe          |    70 |    53 |    95 ||   218
       Headbutt          |    12 |     9 |    18 ||    39
       Punch             |       |     2 |       ||     2
Invok: Berserk           |       |     5 |     3 ||     8
       Trog's Hand       |       |       |     1 ||     1
  Use: Scroll            |       |       |     5 ||     5
       Potion            |       |       |     3 ||     3
Armor: Ring mail         |    19 |     8 |       ||    27
       Chain mail        |       |     5 |    47 ||    52
Dodge: Dodged            |    43 |    30 |    41 ||   114

Table legend: (Time is in decaauts)
 A = Elapsed time spent in this place.
 B = Non-inter-level travel time spent in this place.
 C = Inter-level travel time spent in this place.
 D = Time resting spent in this place.
 E = Time spent auto-exploring this place.
 F = Levels seen in this place.
 G = Mean time per level.
                   A        B        C        D        E       F      G
               +--------+--------+--------+--------+--------+-----+--------+
         Total |   5434 |   5194 |    240 |    177 |   4459 |   7 |  776.3 |
       Dungeon |   5434 |   5194 |    240 |    177 |   4459 |   7 |  776.3 |
               +--------+--------+--------+--------+--------+-----+--------+

Top non-repeatable levels by time:
     D:4: 1466 daAuts
     D:1: 1308 daAuts
     D:2: 978 daAuts
     D:3: 917 daAuts
     D:5: 715 daAuts
     D:7: 34 daAuts
     D:6: 13 daAuts
